 Dungeon Crawl Stone Soup version 0.30.0-29-ga12c61a403 (webtiles) character file.

Game seed: 1827590177712601486

5684 cdecastro the Grappler (level 10, -12/93 HPs)
             Began as a Ghoul Fighter on June 6, 2023.
             Was an Elder of Okawaru.
             Mangled by an orc warrior
             ... wielding a +0 war axe
              (17 damage)
             ... on level 8 of the Dungeon on June 9, 2023.
             The game lasted 00:18:12 (7109 turns).

cdecastro the Grappler (Ghoul Fighter)              Turns: 7109, Time: 00:18:13

Health: -12/93     AC: 18    Str: 25    XL:     10   Next: 75%
Magic:  9/11       EV: 13    Int:  3    God:    Okawaru [****..]
Gold:   436        SH: 10    Dex:  8    Spells: 9/9 levels left

rFire   . .          .
                       - Unarmed
rCold   + . .        b - +0 buckler
rNeg    + + +        q - +0 plate armour
rPois   ∞            K - +1 hat
rElec   .            y - +0 cloak
rCorr   +            (no gloves)
SInv    .            j - +0 pair of boots
Will    .....        p - amulet of reflection Stlth
                     s - ring of resist corrosion
HPRegen 0.00/turn    E - +5 ring of evasion
MPRegen 0.12/turn

%: reflection
@: heroic, inhibited regen, studying Unarmed Combat
A: claws 1, cold resistance 1, negative energy resistance 3, inhibited
regeneration, torment resistance 2, devour on kill
a: Renounce Religion, Heroism, Finesse


You were on level 8 of the Dungeon.
You worshipped Okawaru.
Okawaru was greatly pleased with you.
You visited 2 branches of the dungeon, and saw 9 of its levels.
You also visited: Bailey.

You collected 436 gold pieces.

Inventory:

Missiles
 f - 2 javelins
 i - 11 poisoned darts (quivered)
 k - a throwing net
 x - 9 boomerangs
 L - 2 atropa-tipped darts
 O - 2 datura-tipped darts
Armour
 b - a +0 buckler (worn)
 j - a +0 pair of boots (worn)
 q - a +0 plate armour (worn)
 y - a +0 cloak (worn)
 K - a +1 hat (worn)
Magical Staves
 w - a staff of fire
 D - a staff of air
Jewellery
 p - an amulet of reflection (around neck)
 s - a ring of resist corrosion (left claw)
 E - a +5 ring of evasion (right claw)
Wands
 m - a wand of flame (42)
 R - a wand of acid (2)
 S - a wand of polymorph (2)
Scrolls
 a - 3 scrolls of silence {unknown}
 e - 4 scrolls of amnesia {unknown}
 l - a scroll of magic mapping {unknown}
 n - a scroll of vulnerability {unknown}
 o - 9 scrolls of identify {unknown}
 r - 2 scrolls of fog {unknown}
 u - a scroll of torment {unknown}
 A - 3 scrolls of teleportation {unknown}
 C - 2 scrolls of poison {unknown}
 F - a scroll of butterflies {unknown}
 H - a scroll of immolation {unknown}
 I - a scroll of noise {unknown}
 J - a scroll of enchant armour {unknown}
 M - 2 scrolls of fear {unknown}
 P - a scroll of enchant weapon {unknown}
Potions
 c - 3 potions of might
 d - 2 potions of degeneration {unknown}
 g - 4 potions of lignification {unknown}
 h - a potion of haste
 t - 2 potions of heal wounds {unknown}
 v - 2 potions of flight {unknown}
 z - a potion of magic {unknown}
 B - a potion of brilliance {unknown}
 G - 5 potions of mutation {unknown}
 N - 4 potions of curing {unknown}
 Q - a potion of invisibility {unknown}


   Skills:
 - Level 10.0(15.0) Fighting
 - Level 5.0(10.0) Throwing
 + Level 4.7(9.7) Armour
 - Level 2.6(7.6) Shields
 - Level 12.0(17.0) Unarmed Combat
 - Level 3.0 Invocations


You had 9 spell levels left.
You didn't know any spells.
Your spell library was empty.

Dungeon Overview and Level Annotations

Branches:
Dungeon (8/15)             Temple (1/1) D:5          Bailey (visited)
   Lair: D:8-11

Altars:
Cheibriados
Dithmenos
Fedhas
Gozag
Makhleb
Nemelex Xobeh
Okawaru
Qazlal
Ru
Sif Muna
Trog
Uskayaw
Vehumet
Wu Jian
Xom
Yredelemnul

Shops:
D:3 (

Annotations:
D:2 1 runed translucent door, Crazy Yiuf
D:3 Grinder


Innate Abilities, Weirdness & Mutations

You are immune to poison.
You have sharp fingernails.
Your flesh is cold resistant. (rC+)
You are immune to negative energy. (rN+++)
You do not regenerate when monsters are visible.
You are immune to unholy pain and torment.
You thrive by killing the living.


Message History

You closely miss the orc warrior. You block the orc warrior's attack.
The gnoll hits you with a +0 hand axe.
* * * LOW HITPOINT WARNING * * *
You block the orc warrior's attack.
You claw the orc warrior!
The orc warrior is severely wounded.
The orc warrior no longer looks unusually strong.
The orc warrior misses you. The orc warrior closely misses you.
The gnoll hits you but does no damage.
You scratch the orc warrior but do no damage.
The orc warrior is heavily wounded.
You block the orc warrior's attack.
You mangle the orc warrior!!
You kill the orc warrior!
Okawaru accepts your kill.
You can now speed up your combat.
Okawaru grants you throwing weapons! Something appears at your feet!
You feel better.
The orc warrior hits you with a +0 war axe.
* * * LOW HITPOINT WARNING * * *
The gnoll hits you with a +0 hand axe.
* * * LOW HITPOINT WARNING * * *
You claw the orc warrior!
The orc warrior is moderately wounded.
You block the gnoll's attack. You block the orc warrior's attack.
You scratch the orc warrior.
The orc warrior is heavily wounded.
You barely miss the orc warrior.
The orc warrior is heavily wounded.
The orc warrior hits you with a +0 war axe!
* * * LOW HITPOINT WARNING * * *
You block the gnoll's attack.
You barely miss the orc warrior.
The orc warrior is heavily wounded.
You block the orc warrior's attack. The gnoll misses you.
You scratch the orc warrior.
The orc warrior is severely wounded.
You closely miss the orc warrior.
The orc warrior is severely wounded.
The orc warrior hits you with a +0 war axe!
You die...

############
#........... ...#
#........). ...#
'.......... ...#
#......##########...#
#......##...........#
#.............≈≈≈≈≈.#
#.............≈.g.≈.#
#......##.....~.@.≈.#
#......##....÷≈)>o≈.#
#......#####÷.≈≈≈≈≈.#
#......##...÷.......#
#...................#
#...................#
#...................#
##.....##########'###
.#.....# ...


You could see an orc warrior (strong) and a gnoll.

Vanquished Creatures
  Pikel (D:4)
  A hornet (D:7)
  Prince Ribbit (D:5)
  A vampire (D:8)
  11 yaks
  Eustachio (D:4)
  Edmund (D:5)
  Menkaure (D:4)
  3 sky beasts (D:6)
  2 black bears
  9 orc warriors
  2 centaurs
  A phantom (D:6)
  3 bullfrogs
  A scorpion (D:5)
  5 hounds
  2 orc priests
  A gnoll bouda (D:6)
  3 jellies
  A sleepcap (D:4)
  4 iguanas
  4 orc wizards
  14 gnolls
  9 adders
  A white imp (D:6)
  2 ufetubi
  2 worms (D:4)
  3 dart slugs
  25 orcs
  6 bats
  9 endoplasms
  4 giant cockroaches
  19 goblins
  13 hobgoblins
  3 quokkas
  8 ball pythons
  10 frilled lizards
  4 kobolds
  5 rats
196 creatures vanquished.

Notes
Turn   | Place    | Note
-------+----------+-------------------------------------------
     0 | D:1      | cdecastro the Ghoul Fighter began the quest for the Orb.
     0 | D:1      | Reached XP level 1. HP: 19/19 MP: 0/0
    91 | D:1      | Reached XP level 2. HP: 26/26 MP: 1/1
    92 | D:1      | Reached skill level 3 in Unarmed Combat
   405 | D:1      | Reached XP level 3. HP: 31/31 MP: 2/2
   574 | D:2      | Reached skill level 4 in Unarmed Combat
   691 | D:2      | Found a runed translucent door.
   692 | D:2      | Noticed Crazy Yiuf
   775 | D:2      | Reached XP level 4. HP: 38/38 MP: 3/3
  1448 | D:3      | Reached skill level 5 in Unarmed Combat
  1585 | D:3      | Reached XP level 5. HP: 45/45 MP: 4/4
  1950 | D:3      | Found Humecwukh's Antique Weapon Emporium.
  1983 | D:3      | Noticed Grinder
  1999 | D:3      | Paralysed by Grinder for 4 turns
  2096 | D:4      | Reached skill level 6 in Unarmed Combat
  2171 | D:4      | Noticed Menkaure
  2174 | D:4      | Reached XP level 6. HP: 51/51 MP: 5/5
  2179 | D:4      | Killed Menkaure
  2180 | D:4      | Reached skill level 7 in Unarmed Combat
  2236 | D:4      | Noticed Eustachio
  2252 | D:4      | Killed Eustachio
  2253 | D:4      | Reached skill level 8 in Unarmed Combat
  2253 | D:4      | Reached XP level 7. HP: 37/57 MP: 6/6
  2892 | D:4      | Noticed Pikel
  2937 | D:4      | Killed Pikel
  2938 | D:4      | Reached skill level 10 in Unarmed Combat
  2938 | D:4      | Reached skill level 5 in Fighting
  2938 | D:4      | Reached XP level 8. HP: 20/68 MP: 7/7
  3374 | D:5      | Entered Level 5 of the Dungeon
  3402 | D:5      | Noticed Prince Ribbit
  3436 | D:5      | Killed Prince Ribbit
  3487 | D:5      | Noticed Edmund
  3499 | D:5      | Killed Edmund
  3792 | D:5      | Found a staircase to the Ecumenical Temple.
  3912 | Temple   | Entered the Ecumenical Temple
  4257 | Temple   | Became a worshipper of Warmaster Okawaru
  4362 | D:6      | Reached XP level 9. HP: 81/81 MP: 8/8
  4650 | D:6      | Reached * piety under Okawaru
  5041 | D:7      | Reached skill level 10 in Fighting
  5041 | D:7      | Reached skill level 1 in Invocations
  5136 | D:7      | Noticed a hornet
  5143 | D:7      | Killed a hornet
  5747 | D:7      | Reached ** piety under Okawaru
  5748 | D:7      | Reached skill level 11 in Unarmed Combat
  5752 | D:7      | Reached XP level 10. HP: 93/93 MP: 11/11
  6021 | D:7      | Reached skill level 12 in Unarmed Combat
  6021 | D:7      | Reached skill level 1 in Throwing
  6441 | D:8      | Reached *** piety under Okawaru
  6513 | D:8      | Identified the +2 leather armour "Wilok" {rPois Int+8
                  | Dex-3}
  6592 | D:8      | Found a flagged portal.
  6617 | Bailey   | Entered a bailey
  6787 | Bailey   | Reached skill level 5 in Throwing
  6953 | Bailey   | Reached **** piety under Okawaru
  7036 | Bailey   | Noticed an orc warlord
  7036 | Bailey   | Noticed an orc knight
  7103 | D:8      | Received a gift from Okawaru
  7109 | D:8      | Mangled by an orc warrior

Illustrated notes

Levels and vault maps discovered:
D:1:      mushboom_english_gardens, layout_basic, minmay_lizard_pond
D:2:      layout_basic, minmay_fountain_box, kennysheep_generic_room_4,
          uniq_crazy_yiuf_cottage
D:3:      layout_loops_cross, serial_shops, nicolae_diamond_shop,
          grunt_ministairs_14, st_stairs_3, uniq_grinder
D:4:      layout_layer_cave, uniq_pikel, uniq_eustachio, uniq_menkaure
D:5:      layout_gridville, minmay_temple_entry_fiery, uniq_prince_ribbit1,
          uniq_edmund
D:6:      layout_basic
D:7:      layout_cave_pods
D:8:      layout_gridville, enter_bailey_5
Temple:   compressed_dpeg_triangle_lava_temple

Skill      XL: |  1  2  3  4  5  6  7  8  9 10 |
---------------+-------------------------------+-----
Unarmed Combat | 3 4 5 6 8 10 11 12 | 12.0
Fighting       | 5 8 10 | 10.0
Invocations    | 3 |  3.0
Throwing       | 5 |  5.0
Armour         | 4 |  4.7
Shields        | |  2.6

Action                     |  1- 3 |  4- 6 |  7- 9 | 10-12 || total
---------------------------+-------+-------+-------+-------++-------
  Melee: Unarmed           |   104 |   149 |   223 |   204 ||   680
 Invoke: Heroism           |       |       |     1 |     2 ||     3
 Armour: Scale mail        |    27 |       |       |       ||    27
         Plate armour      |     9 |    94 |    73 |    61 ||   237
  Dodge: Dodged            |    30 |    33 |    67 |    94 ||   224
  Block: Buckler           |    17 |    78 |    62 |   109 ||   266
         Reflection        |       |       |     1 |     4 ||     5
